 Dungeon Crawl Stone Soup version 0.20-a0-555-gf6ae02d (webtiles) character file.

141796 randomizer the Thaumaturge (level 17, -10/104 HPs)
             Began as a Gargoyle Earth Elementalist on Feb 8, 2017.
             Was the Champion of Vehumet.
             Mangled by Donald
             ... wielding a +4 demon trident of freezing
              (26 damage)
             ... on level 4 of the Swamp on Feb 9, 2017.
             The game lasted 03:00:24 (46943 turns).

randomizer the Thaumaturge (GrEE)                  Turns: 46943, Time: 03:00:25

Health: -10/104    AC: 37    Str: 15    XL:     17   Next: 33%
Magic:  35/44      EV: 21    Int: 32    God:    Vehumet [******]
Gold:   2498       SH:  0    Dex: 15    Spells: 2/45 levels left

rFire    . . .     SeeInvis .   D - +4 double sword
rCold    . . .     Gourm    +   y - +2 ring mail of Beogh's Pride {Regen+ Int+4}
rNeg     + . .     Faith    .   (no shield)
rPois    ∞         Spirit   .   G - +2 hat {Int+3}
rElec    +         Reflect  .   h - +2 cloak {+Inv}
rCorr    .         Harm     .   I - +2 pair of gloves {Str+3}
MR       +....                  W - +0 pair of boots
Stlth    ++........             Z - amulet of the gourmand
Regen    0.7/turn               L - +5 ring of protection
                                M - ring of magical power

@: agile, flying, very slightly contaminated, hasted, repel missiles, very quick
A: big wings, clever 1, negative energy resistance 1, electricity resistance,
unbreathing, petrification resistance, rot immunity, AC +12
a: Stop Flying, Renounce Religion, Evoke Invisibility


You were on level 4 of the Swamp.
You worshipped Vehumet.
Vehumet was exalted by your worship.
You were very full.

You visited 6 branches of the dungeon, and saw 29 of its levels.
You also visited: Ice Cave.

You collected 3296 gold pieces.
You spent 798 gold pieces at shops.

Inventory:

Hand Weapons
 a - a +3 scimitar of slicing
 D - a +4 double sword (weapon)
Missiles
 b - 646 stones (quivered)
Armour
 h - a +2 cloak of invisibility (worn)
 o - a +1 robe of the Archmagi
 v - a +1 robe of resistance
 y - the +2 ring mail of Beogh's Pride (worn) {Regen+ Int+4}
   (You found it on level 5 of the Dungeon)

   It affects your intelligence (+4).
   It increases your rate of regeneration.
 B - a +1 cloak of cold resistance
 G - a +2 hat of intelligence (worn)
 I - a +2 pair of gloves of strength (worn)
 W - a +0 pair of boots (worn)
Magical Staves
 u - an uncursed staff of wizardry
Jewellery
 c - a +5 amulet of reflection
 E - an uncursed ring of protection from cold {unknown}
 H - a cursed amulet of inaccuracy {unknown}
 K - an uncursed amulet of faith {unknown}
 L - a +5 ring of protection (right hand)
 M - a ring of magical power (left hand)
 Z - an amulet of the gourmand (around neck)
Wands
 e - a wand of enslavement (12/24)
 g - a wand of confusion (27/48)
 l - a wand of lightning (13/15)
 m - a wand of lightning (6/15)
 r - a wand of iceblast (6/15)
 s - a wand of digging (10/24)
 C - a wand of polymorph (8/24)
 O - a wand of disintegration (10/24)
 P - a wand of scattershot (3/9)
 X - a wand of iceblast (4/15)
Scrolls
 f - 2 scrolls of immolation
 i - a scroll of blinking
 j - 13 scrolls of teleportation
 x - 2 scrolls of fear
 Q - 5 scrolls of remove curse
 Y - 4 scrolls of amnesia
Potions
 k - 2 potions of haste
 n - 20 potions of curing
 q - 3 potions of cancellation
 t - 2 potions of mutation
 w - a potion of ambrosia
 F - 2 potions of magic
 N - 2 potions of cure mutation
Books
 p - a book of Power

   Spells                             Type                      Level
   a - Fulminant Prism                Conjuration/Hexes            4
   b - Iskenderun's Mystic Blast      Conjuration                  4
   c - Venom Bolt                     Conjuration/Poison           5
   d - Bolt of Magma                  Conjuration/Fire/Earth       5
   e - Iron Shot                      Conjuration/Earth            6
   f - Orb of Destruction             Conjuration                  7
   g - Spellforged Servitor           Conjuration/Summoning        7
Comestibles
 d - 18 bread rations
 z - 14 meat rations
 J - 4 chunks of flesh
 T - 2 royal jellies
 U - 3 fruits


   Skills:
 + Level 11.1 Fighting
 + Level 9.4 Long Blades
 - Level 10.0 Armour
 + Level 8.9 Dodging
 - Level 2.1 Stealth
 * Level 14.5 Spellcasting
 + Level 12.5 Conjurations
 - Level 0.7 Transmutations
 * Level 8.2 Fire Magic
 + Level 13.6 Earth Magic


You had 2 spell levels left.
You knew the following spells:

 Your Spells              Type           Power        Failure   Level  Hunger
a - Sandblast             Erth           ######       0%          1    None
b - Stone Arrow           Conj/Erth      ######       1%          3    None
c - Lee's Rapid Deconstr  Erth           #######...   1%          5    None
d - Repel Missiles        Chrm/Air       ###...       6%          2    None
e - Mephitic Cloud        Conj/Pois/Air  ######..     1%          3    None
f - Blink                 Tloc           N/A          6%          2    None
g - Irradiate             Conj/Tmut      ######....   2%          5    None
h - Iron Shot             Conj/Erth      #######...   1%          6    ###....
i - Fireball              Conj/Fire      ######....   1%          5    None
j - Poison Arrow          Conj/Pois      ######....   13%         6    ###....
k - Bolt of Magma         Conj/Fire/Erth #######...   1%          5    None


Dungeon Overview and Level Annotations

Branches:
Dungeon (15/15)            Temple (1/1) D:6            Lair (6/6) D:10
  Swamp (4/4) Lair:3        Snake (0/4) Lair:2        Slime (0/5) Lair:6
    Orc (2/2) D:10            Elf (0/3) Orc:2        Vaults (0/5) D:13
 Depths (1/5) D:15

Altars:
Ashenzari
Cheibriados
Dithmenos
Elyvilon
Fedhas
Gozag
Hepliaklqana
Kikubaaqudgha
Makhleb
Nemelex Xobeh
Okawaru
Qazlal
Ru
Sif Muna
Trog
Uskayaw
Vehumet
Xom
Yredelemnul
Zin
The Shining One
Beogh

Shops:
Orc:2 :[(:

Portals:
Trove: D:15 (give 20 scrolls of identify)

Annotations:
Swamp:1 1 runed door
Swamp:4 Donald


Innate Abilities, Weirdness & Mutations

You are resistant to torment.
Your stone body is resilient. (AC +12)
You are immune to poison.
Your large and strong wings let you fly indefinitely.
You resist negative energy. (rN+)
You are resistant to electric shocks. (rElec)
You can survive without breathing.
You are immune to petrification.
You are immune to rotting.
Your mind is acute. (Int +2)


Message History

Donald closely misses you.
You slash Donald!
Donald is almost dead.
Donald hits you with a demon trident of freezing!
Donald freezes you.
You hit Donald but do no damage.
Donald is almost dead.
Donald hits you with a demon trident of freezing!!
Donald freezes you.
You hit Donald but do no damage.
Donald is almost dead.
Donald hits you with a demon trident of freezing!
* * * LOW HITPOINT WARNING * * *
Donald freezes you!
* * * LOW HITPOINT WARNING * * *
Donald blocks your attack.
Donald is almost dead.
Donald says, "What's the point of conjuring, anyway?"
Donald hits you with a demon trident of freezing!!
You die...

♣♣...♣....≈♣#*,,,,,,,,,***≈
♣..(.≈≈≈≈§.≈#*,,,,,,,,,***≈
♣≈..≈.≈≈≈♣≈≈♣#*,,,,,,,***,≈
♣♣♣≈≈♣♣♣♣♣≈†≈♣#**,,,*****≈*
♣≈.≈♣ ♣≈≈≈.§♣#***** **,≈,
♣♣♣**♣..♣♣ ♣♣♣≈.≈@.♣# ***≈≈,,
♣≈..♣♣≈♣♣♣ ♣≈.≈≈♣♣≈≈♣****≈≈≈,,*
*♣≈≈≈≈≈≈.♣♣♣..@≈(≈♣≈.≈*≈≈≈*,≈≈≈
♣.≈≈≈≈≈≈.♣♣..@≈≈♣♣♣♣≈,≈≈,*,,≈,
♣♣§≈≈≈≈≈≈...(<.♣♣ ***,≈,**≈,≈
♣≈≈≈≈≈≈≈.≈..♣♣♣*****,,≈,,,,,≈
♣♣.≈≈≈≈≈§≈≈≈.♣ *≈,≈≈*,≈,≈≈≈≈≈
♣..≈≈≈≈≈≈≈≈.♣ *≈≈≈**≈<≈≈≈≈≈≈
♣...≈.≈≈≈≈≈♣♣ *,≈≈,,,,,≈,≈≈≈
♣♣≈≈≈≈.≈≈≈n♣***,≈≈,,≈,**≈,,,
*♣.≈≈≈≈≈≈≈≈≈≈≈*,≈≈≈≈≈≈**≈≈≈≈
*≈§≈≈≈≈≈≈≈≈≈≈,,≈,≈≈≈≈≈≈*≈≈≈*


You could see Donald and a bog body.

Vanquished Creatures
  Gastronok (Lair:1)
  A thorn hunter (Swamp:3)
  Kirke (Lair:4)
  2 orc warlords (Orc:2)
  A stone giant (Orc:1)
  A very ugly thing (Swamp:3)
  2 blizzard demons (IceCv)
  A yaktaur captain (D:15)
  8 hydras
  A rakshasa (D:11)
  A ghost crab (Swamp:2)
  4 catoblepae (Lair:6)
  8 centaur warriors
  2 dancing weapons (D:13)
  5 alligators
  8 death yaks (Lair:6)
  7 two-headed ogres
  Urug (D:15)
  The ghost of MirrMurr the Thaumaturge, a journeyman OpWz of Vehumet (Lair:3)
  3 tengu warriors
  5 orc high priests
  A deep elf knight (D:11)
  Nergalle (Orc:1)
  3 swamp dragons
  An unseen horror (D:12)
  A spriggan druid (Swamp:3)
  A shambling mangrove (Swamp:3)
  A wizard (D:15)
  11 orc knights
  Pikel (D:5)
  A wolf spider (D:13)
  4 deep elf magi
  8 ugly things
  A wolf spider zombie (D:12)
  10 orc sorcerers
  5 cyclopes
  3 manticores
  Joseph (D:7)
  2 black mambas
  A black mamba (shapeshifter) (D:13)
  Maurice (D:11)
  2 gargoyles
  11 spiny frogs
  An ice statue (IceCv)
  8 komodo dragons
  5 centaur skeletons
  3 rime drakes (Lair:5)
  A yaktaur (D:15)
  6 anaconda simulacra (IceCv)
  A guardian mummy (D:15)
  8 ice devils (IceCv)
  4 tengu conjurers
  5 trolls
  2 freezing wraiths (D:10)
  2 golden dragon simulacra (IceCv)
  A wolf spider simulacrum (IceCv)
  4 polar bears
  3 meliai (D:13)
  A harpy skeleton (D:14)
  3 tyrant leeches
  2 bog bodies (Swamp:1)
  14 slime creatures
  11 dream sheep
  7 hornets
  12 blink frogs
  13 hippogriffs
  4 shadows
  5 spriggans
  80 yaks
  4 wraiths
  3 basilisks
  A vampire (D:12)
  3 dire elephant simulacra (IceCv)
  3 wyverns
  A hog (shapeshifter) (D:14)
  5 hogs
  A human (D:9)
  A hungry ghost (D:11)
  A steam dragon (D:9)
  11 vampire mosquitoes
  15 swamp worms
  Menkaure (D:7)
  4 harpy simulacra (IceCv)
  5 wargs
  2 nagas (Lair:2)
  14 water moccasins
  4 hydra simulacra (IceCv)
  17 insubstantial wisps
  3 acid dragons
  21 porcupines
  A swamp drake (Swamp:2)
  An ice beast (D:10)
  42 orc warriors
  4 phantoms
  A hornet zombie (D:15)
  4 sky beasts
  An eye of draining (D:10)
  4 black bears
  2 necrophages
  10 ogres
  18 wolves
  18 centaurs
  18 crocodiles
  An elf zombie (D:9)
  A big kobold (D:9)
  14 bullfrogs
  A gnoll sergeant (D:13)
  3 scorpions
  A troll zombie (D:9)
  11 killer bees
  An elephant simulacrum (IceCv)
  19 wights
  A troll skeleton (D:9)
  9 crimson imps
  6 centaur zombies
  A bullfrog zombie (D:5)
  3 draconian simulacra (IceCv)
  2 bullfrog skeletons
  A gnoll shaman (D:9)
  7 hounds
  10 jellies
  4 human zombies (D:9)
  22 orc priests
  A human skeleton (D:9)
  4 iguanas
  24 orc wizards
  A spriggan simulacrum (IceCv)
  A polar bear simulacrum (IceCv)
  22 worker ants
  4 troll simulacra (IceCv)
  An ogre skeleton (D:9)
  A mummy (D:9)
  3 hound skeletons
  2 worker ant zombies
  Robin (D:4)
  18 adders
  11 gnolls
  4 naga simulacra (IceCv)
  4 shadow imps
  7 white imps (IceCv)
  7 ufetubi (IceCv)
  4 worms
  A dart slug (D:2)
  4 leopard geckos
  110 orcs
  2 giant cockroaches
  16 goblins
  8 hobgoblins
  20 jackals
  10 quokkas
  6 bats
  4 frilled lizards
  7 kobolds
  A quokka zombie (D:3)
  7 rats
  3 briar patches (Swamp:3)
1022 creatures vanquished.

Vanquished Creatures (collateral kills)
  A killer bee (D:10)
  An orc wizard (D:10)
2 creatures vanquished.

Vanquished Creatures (others)
  A swamp dragon (Swamp:4)
  A spiny frog (Swamp:4)
  A human (Lair:4)
  3 slaves (D:6)
  A bullfrog (Lair:4)
  An adder (D:6)
  An adder zombie (D:6)
  A leopard gecko (D:6)
  3 orcs
  2 jackals (D:6)
  3 briar patches (Swamp:3)
  36 fungi
  34 plants
88 creatures vanquished.

Grand Total: 1112 creatures vanquished

Notes
Turn   | Place    | Note
-------+----------+-------------------------------------------
     0 | D:1      | randomizer the Gargoyle Earth Elementalist began the quest for the Orb.
     0 | D:1      | Reached XP level 1. HP: 10/10 MP: 3/3
   280 | D:1      | Reached XP level 2. HP: 15/15 MP: 1/5
  1395 | D:2      | Reached skill level 3 in Spellcasting
  1395 | D:2      | Reached XP level 3. HP: 17/19 MP: 3/7
  1812 | D:2      | Reached XP level 4. HP: 24/24 MP: 7/9
  1817 | D:2      | Learned a level 3 spell: Stone Arrow
  2006 | D:2      | Found a faded altar of an unknown god.
  2697 | D:3      | Reached skill level 4 in Spellcasting
  2721 | D:3      | Reached XP level 5. HP: 17/28 MP: 9/11
  2895 | D:3      | Found an ancient bone altar of Kikubaaqudgha.
  2895 | D:3      | Noticed a human
  2918 | D:3      | Reached skill level 1 in Conjurations
  2925 | D:3      | Learned a level 5 spell: Lee's Rapid Deconstruction
  4026 | D:4      | Noticed a phantom
  4042 | D:4      | Killed a phantom
  4042 | D:4      | Reached skill level 5 in Earth Magic
  4042 | D:4      | Reached XP level 6. HP: 27/32 MP: 3/13
  4137 | D:4      | Noticed Robin
  4167 | D:4      | Killed Robin
  4167 | D:4      | Reached skill level 5 in Spellcasting
  4392 | D:4      | Reached XP level 7. HP: 36/36 MP: 2/15
  5115 | D:5      | Entered Level 5 of the Dungeon
  5147 | D:5      | Got an encrusted ring mail
  5361 | D:5      | Identified the +2 ring mail of Beogh's Pride {Regen+ Int+4} (You found it on level 5 of the Dungeon)
  5702 | D:5      | Reached skill level 6 in Spellcasting
  6006 | D:6      | Noticed Pikel
  6013 | D:5      | Killed Pikel
  6013 | D:5      | Reached XP level 8. HP: 38/41 MP: 8/18
  6023 | D:6      | Reached skill level 7 in Spellcasting
  6109 | D:6      | Found a snail-covered altar of Cheibriados.
  6114 | D:6      | Found a staircase to the Ecumenical Temple.
  6125 | Temple   | Entered the Ecumenical Temple
  6176 | Temple   | Became a worshipper of Vehumet
  6764 | D:6      | Reached skill level 5 in Conjurations
  6879 | D:6      | Reached skill level 1 in Armour
  7317 | D:6      | Reached skill level 1 in Fighting
  7448 | D:6      | Reached skill level 1 in Long Blades
  7579 | D:6      | Reached XP level 9. HP: 47/47 MP: 3/20
  7914 | D:7      | Noticed Menkaure
  8088 | D:7      | Killed Menkaure
  8942 | D:8      | Noticed Joseph
  8956 | D:7      | Killed Joseph
  9535 | D:8      | Reached * piety under Vehumet
  9535 | D:8      | Offered knowledge of Flame Tongue by Vehumet.
  9598 | D:8      | Reached skill level 8 in Spellcasting
  9782 | D:8      | Noticed a two-headed ogre
  9787 | D:8      | Killed a two-headed ogre
  9787 | D:8      | Reached XP level 10. HP: 56/56 MP: 15/22
  9939 | D:9      | Noticed a two-headed ogre
  9946 | D:9      | Noticed a two-headed ogre
  9947 | D:9      | Killed a two-headed ogre
  9947 | D:9      | Reached skill level 5 in Armour
 10003 | D:8      | Killed a two-headed ogre
 10725 | D:9      | Found a hide-covered altar of Uskayaw.
 10838 | D:9      | Offered knowledge of Throw Flame by Vehumet.
 10838 | D:9      | Reached skill level 9 in Spellcasting
 10849 | D:9      | Reached ** piety under Vehumet
 11216 | D:9      | Found a basalt altar of Yredelemnul.
 11328 | D:9      | Reached XP level 11. HP: 44/62 MP: 24/24
 11831 | D:9      | Found a bloodstained altar of Trog.
 12070 | D:9      | Learned a level 2 spell: Repel Missiles
 12074 | D:9      | Learned a level 3 spell: Mephitic Cloud
 12078 | D:9      | Learned a level 2 spell: Blink
 12081 | D:9      | Gained mutation: Your mind is acute. (Int +2) [potion of beneficial mutation]
 12223 | D:10     | Entered Level 10 of the Dungeon
 12391 | D:10     | Noticed a cyclops
 12401 | D:9      | Offered knowledge of Throw Frost by Vehumet.
 12492 | D:10     | Killed a cyclops
 12557 | D:9      | Reached skill level 5 in Fighting
 12661 | D:9      | Reached *** piety under Vehumet
 12782 | D:10     | Noticed a death knight
 13198 | D:10     | Offered knowledge of Inner Flame by Vehumet.
 14195 | D:10     | Found a staircase to the Lair.
 14539 | D:10     | Found a blossoming altar of Fedhas.
 15413 | D:10     | Found a staircase to the Orcish Mines.
 15604 | D:11     | Noticed a manticore
 15605 | D:11     | Noticed a cyclops
 15621 | D:10     | Killed a manticore
 15621 | D:10     | Reached skill level 10 in Spellcasting
 15629 | D:10     | Reached **** piety under Vehumet
 15644 | D:11     | Killed a cyclops
 15644 | D:11     | Reached XP level 12. HP: 53/68 MP: 13/26
 15798 | D:11     | Offered knowledge of Irradiate by Vehumet.
 15814 | D:11     | Learned a level 5 spell: Irradiate
 15945 | D:11     | Noticed Maurice
 15950 | D:11     | Killed Maurice
 15950 | D:11     | Reached skill level 5 in Long Blades
 15951 | D:11     | Noticed a centaur warrior
 15992 | D:10     | Noticed an orc high priest
 15998 | D:10     | Killed an orc high priest
 16365 | D:11     | Killed a centaur warrior
 16542 | D:11     | Noticed a rakshasa
 16948 | Lair:1   | Entered Level 1 of the Lair of Beasts
 16989 | Lair:1   | Noticed a six-headed hydra
 16995 | Lair:1   | Killed a six-headed hydra
 17381 | Lair:1   | Noticed Gastronok
 17402 | Lair:1   | Killed Gastronok
 17402 | Lair:1   | Reached skill level 5 in Dodging
 17732 | Lair:1   | Reached skill level 10 in Earth Magic
 18530 | Lair:1   | Reached skill level 10 in Armour
 18647 | Lair:1   | Reached XP level 13. HP: 55/76 MP: 10/27
 18945 | Lair:2   | Reached ***** piety under Vehumet
 18979 | Lair:2   | Offered knowledge of Sticky Flame by Vehumet.
 19620 | Lair:2   | Found a staircase to the Snake Pit.
 20215 | Lair:3   | Reached skill level 11 in Spellcasting
 20326 | Lair:3   | Found a staircase to the Swamp.
 20760 | Lair:3   | Noticed MirrMurr's ghost (journeyman OpWz)
 20784 | Lair:3   | Killed MirrMurr's ghost
 22316 | Lair:4   | Noticed Kirke
 22330 | Lair:4   | Killed Kirke
 24384 | Lair:5   | Learned a level 4 spell: Throw Icicle
 24936 | Lair:6   | Entered Level 6 of the Lair of Beasts
 25132 | Lair:5   | Gained mutation: Your large and strong wings let you fly indefinitely. [Gargoyle growth]
 25132 | Lair:5   | Reached XP level 14. HP: 84/84 MP: 29/29
 25244 | Lair:6   | Reached skill level 12 in Spellcasting
 25559 | Lair:6   | Reached skill level 10 in Conjurations
 26737 | Lair:6   | Found a staircase to the Slime Pits.
 27720 | Lair:6   | Offered knowledge of Fireball by Vehumet.
 27727 | Lair:6   | Learned a level 5 spell: Fireball
 27883 | Lair:6   | Reached skill level 1 in Fire Magic
 28025 | Lair:6   | Got a coiled bronze ring
 28026 | Lair:6   | Identified the ring "Xachanwe" {rCorr rPois Dex+3} (You found it on level 6 of the Lair of Beasts)
 29036 | D:12     | Got a smoking mace
 29037 | D:12     | Identified the +6 mace of Woxoclu {protect, rC+ MR+} (You found it on level 12 of the Dungeon)
 29600 | D:12     | Identified the +0 scale mail "Ybofoe Afou" {rCorr Str-3 Int+2} (You found it on level 12 of the Dungeon)
 29624 | D:12     | Reached XP level 15. HP: 71/90 MP: 31/31
 30362 | D:12     | Identified a scroll of acquirement
 30760 | D:13     | Offered knowledge of Spellforged Servitor by Vehumet.
 30848 | D:13     | Reached skill level 13 in Spellcasting
 30982 | D:13     | You are sucked into a shaft for 2 floors!
 30982 | D:15     | Entered Level 15 of the Dungeon
 31843 | D:13     | Offered knowledge of Poison Arrow by Vehumet.
 31865 | D:13     | Learned a level 6 spell: Poison Arrow
 32255 | D:13     | Found a gate to the Vaults.
 33525 | D:15     | Reached skill level 10 in Fighting
 34330 | D:15     | Reached skill level 5 in Fire Magic
 34583 | D:15     | Found a portal to a secret trove of treasure.
 34794 | D:15     | Noticed Urug
 34809 | D:15     | Killed Urug
 34944 | D:15     | Found an iron altar of Okawaru.
 35266 | D:15     | Found a staircase to the Depths.
 35278 | D:15     | Reached XP level 16. HP: 34/97 MP: 33/33
 35590 | D:15     | Reached ****** piety under Vehumet
 35689 | Orc:1    | Entered Level 1 of the Orcish Mines
 35956 | Orc:2    | Entered Level 2 of the Orcish Mines
 36043 | Orc:1    | Noticed Nergalle
 36052 | Orc:1    | Killed Nergalle
 36198 | Orc:2    | Found a staircase to the Elven Halls.
 36241 | Orc:1    | Offered knowledge of Ozocubu's Refrigeration by Vehumet.
 37569 | Orc:2    | Reached skill level 14 in Spellcasting
 37644 | Orc:2    | Found Hoamoez's Armour Shop.
 37644 | Orc:2    | Found Adoupp's Book Shop.
 37657 | Orc:2    | Found Anweg's Book Emporium.
 37657 | Orc:2    | Found Voshrott's Antique Weapon Emporium.
 37782 | Orc:2    | Bought a book of Power for 540 gold pieces
 37788 | Orc:2    | Learned a level 5 spell: Bolt of Magma
 37796 | Orc:2    | Learned a level 6 spell: Iron Shot
 37823 | Orc:2    | Bought a +2 cloak of invisibility for 258 gold pieces
 38028 | Orc:2    | Found a roughly hewn altar of Beogh.
 39080 | Orc:2    | Offered knowledge of Delayed Fireball by Vehumet.
 39430 | Orc:1    | Paralysed by an orc sorcerer for 2 turns
 39887 | Depths:1 | Entered Level 1 of the Depths
 40150 | Swamp:1  | Entered Level 1 of the Swamp
 40443 | Swamp:1  | Found a runed door.
 40443 | Swamp:1  | Noticed a tentacled monstrosity
 40610 | Swamp:1  | Found a frozen archway.
 40619 | IceCv    | Entered an ice cave
 42250 | IceCv    | Offered knowledge of Freezing Cloud by Vehumet.
 44574 | Swamp:3  | Reached XP level 17. HP: 104/104 MP: 35/35
 46227 | Swamp:4  | Entered Level 4 of the Swamp
 46923 | Swamp:4  | Noticed Donald
 46943 | Swamp:4  | Mangled by Donald

Vault maps used:
D:1:      lightli_molten_gateway
D:2:      chequers_ecumenical_altar_twisty
D:3:      tgw_kikubaaqudgha
D:4:      hangedman_feature_mirror, uniq_robin
D:5:      first_bread
D:6:      minmay_temple_entry_crystal_x, basic_altar, abandoned_shop, uniq_pikel
D:7:      uniq_joseph, uniq_menkaure
D:9:      lemuel_mausoleum_altar_yredelemnul, lemuel_round_altar,
          eat_drink_and_be_merry_uskayaw, grunt_livestock
D:10:     due_lair_maze_entry_diamond, basic_altar, enter_bailey_8
D:11:     minmay_curly_fans, uniq_maurice
D:13:     erik_vaults_1, roderic_digamma_sauvastika, grunt_potential
D:14:     hangedman_decor_growths
D:15:     grunt_enter_depths_snipers, lemuel_doored_altar,
          nicolae_trove_entry_path_of_doom, uniq_urug
Temple:   eino_narrow_crystal_temple
Lair:1:   uniq_gastronok
Lair:2:   guppyfry_snake_entry_garden, grunt_forest_stairs_clearing,
          grunt_megastairs_2
Lair:3:   minmay_swamp_entry_reptiles, beast_lair_carwin_1, grunt_megastairs_4
Lair:4:   uniq_kirke
Lair:6:   evilmike_catoblepas_cave, minmay_slime_entry_pillars,
          nicolae_quartered_pool_super, lemuel_fruit_fields
Swamp:1:  cheibrodos_swamp_sealed, portal_ice_cave_entry_pillars_three,
          evilmike_swamp_ruin_rubble_2
Swamp:2:  hangedman_swamp_blocks, swamp_pool1, nicolae_swamp_triple_paths,
          nicolae_swamp_orc_logging_accident
Swamp:3:  evilmike_swamp_ruin_house_1, swamp_pool1
Swamp:4:  swamp, uniq_donald
Orc:1:    minmay_orc_treasury, uniq_nergalle
Orc:2:    st_orc_elflike, nicolae_volcano_entry_lava_flow, minmay_orc_temple_c
Depths:1: rand_demon_pan_entry_9, hell_entry, roderic_roman_lattice,
          minmay_hollow_rounded_squares, uniq_mara
IceCv:    ice_cave_caverns_01

Skill      XL: |  1  2  3  4  5  6  7  8  9 10 11 12 13 14 15 16 17 |
---------------+----------------------------------------------------+-----
Earth Magic    | 4 5 6 7 8 9 10 11 12 13 | 13.6
Spellcasting   | 3 4 5 6 7 8 9 10 11 12 13 14 | 14.5
Conjurations   | 2 4 5 6 7 8 9 10 11 12 | 12.5
Armour         | 2 4 6 8 10 | 10.0
Fighting       | 1 3 4 5 6 8 9 10 11 | 11.1
Long Blades    | 1 2 3 4 5 6 8 9 |  9.4
Dodging        | 3 4 5 6 7 8 |  8.9
Fire Magic     | 2 5 7 8 |  8.2
Stealth        | |  2.1
Transmutations | |  0.7

Action                   |  1- 3 |  4- 6 |  7- 9 | 10-12 | 13-15 | 16-18 || total
-------------------------+-------+-------+-------+-------+-------+-------++-------
Melee: Club              |    20 |       |       |       |       |       ||    20
       Mace              |    56 |   121 |    25 |       |       |       ||   202
       Short sword       |       |       |   143 |   801 |   267 |       ||  1211
       Falchion          |       |       |       |   334 |   219 |       ||   553
       Scimitar          |       |       |       |       |   776 |       ||   776
       Double sword      |       |       |       |       |    31 |   727 ||   758
 Cast: Sandblast         |    15 |    70 |    66 |    24 |    15 |     2 ||   192
       Stone Arrow       |       |     1 |    34 |   150 |   330 |    55 ||   570
       Lee's Rapid Decon |       |       |     5 |     4 |    20 |    15 ||    44
       Mephitic Cloud    |       |       |       |    22 |    40 |     4 ||    66
       Repel Missiles    |       |       |       |     5 |     2 |     3 ||    10
       Fireball          |       |       |       |       |    21 |    76 ||    97
       Iron Shot         |       |       |       |       |       |    63 ||    63
       Bolt of Magma     |       |       |       |       |       |     5 ||     5
       Irradiate         |       |       |       |       |       |     1 ||     1
 Abil: Fly               |       |       |       |       |     1 |       ||     1
       Evoke Invisibilit |       |       |       |       |       |     1 ||     1
Evoke: Wand              |       |       |     2 |    10 |       |     1 ||    13
  Use: Scroll            |       |    18 |     2 |     6 |    23 |    11 ||    60
       Potion            |       |       |     1 |     3 |     7 |     9 ||    20
 Stab: Sleeping          |     3 |       |       |       |     1 |       ||     4
       Confused          |       |       |       |    10 |    16 |       ||    26
       Invisible         |       |       |       |       |       |     3 ||     3
       Distracted        |       |       |       |       |       |     2 ||     2
  Eat: Chunk             |     2 |     9 |    10 |    14 |    66 |    39 ||   140
       Fruit             |       |       |     5 |       |       |    10 ||    15
       Meat ration       |       |       |     1 |       |       |       ||     1
       Royal jelly       |       |       |       |     6 |       |       ||     6
       Bread ration      |       |       |       |     1 |       |       ||     1
Armor: Robe              |    24 |    84 |    60 |       |       |    62 ||   230
       Ring mail         |       |       |     7 |   830 |  1009 |   506 ||  2352
Dodge: Dodged            |    85 |   154 |   138 |   849 |  1089 |   608 ||  2923
       Deflected         |       |       |       |    12 |    16 |    12 ||    40
       Rpst.: Falchion   |       |       |       |    78 |    61 |       ||   139
       Scimitar          |       |       |       |       |   186 |       ||   186
       Double sword      |       |       |       |       |     4 |   172 ||   176
